Map: Ascension to Aiur LE

Players

Elazer - Winner!

  • Race: Zerg Zerg
  • Spawn Location: 11:00

Snute

  • Race: Zerg Zerg
  • Spawn Location: 5:00

Event: WCS Montreal 2017

VOD

Have the link to the VOD?

Description

Time

  • Played on: Sept. 10, 2017, 11:53 a.m.
  • Length: 17:40

All games in this series

Show
View Real Time Build Order
Export as new Build Order

Elazer Zerg - Winner!

Build Orders: Hatch First, Muta Ling Bane 

Get SALT Encoding   

  12  0:00  Drone  
  13  0:12  Overlord  
  13  0:17  Drone  
  14  0:30  Drone x2  
  14  0:34  Drone  
  17  0:50  Hatchery  
  17  0:54  Drone  
  17  0:57  Drone  
  18  1:08  Extractor  
  17  1:12  Spawning Pool  
  17  1:15  Drone  
  17  1:18  Drone  
  18  1:28  Drone  
  19  1:38  Overlord  
  19  1:49  Drone  
  20  1:58  Queen  
  20  2:00  Zergling x2  
  23  2:02  Queen, Zergling x2  
  23  2:07  Metabolic Boost  
  26  2:11  Drone  
  26  2:14  Drone  
  28  2:23  Drone  
  28  2:24  Drone  
  30  2:30  Baneling Nest  
  30  2:32  Drone  
  30  2:36  Drone  
  31  2:44  Zergling x2  
  31  2:50  Hatchery  
  31  2:54  Overlord  
  31  2:59  Zergling x2  
  32  3:08  Zergling x8  
  36  3:15  Baneling x2  
  36  3:16  Zergling x4  
  36  3:20  Baneling  
  36  3:21  Baneling  
  36  3:23  Zergling x2  
  36  3:26  Zergling x2  
  26  3:39  Zergling x4  
  21  3:45  Drone  
  19  3:50  Baneling  
  19  3:52  Drone x2  
  21  3:57  Drone  
  21  4:01  Drone  
  23  4:05  Drone  
  23  4:08  Drone  
  25  4:12  Drone  
  26  4:18  Drone x2  
  28  4:25  Drone  
  28  4:26  Drone  
  28  4:29  Drone  
  31  4:32  Drone  
  31  4:33  Drone  
  31  4:35  Drone  
  35  4:38  Drone  
  35  4:47  Overlord  
  35  4:51  Queen  
  37  4:53  Drone  
  37  4:55  Drone x2  
  37  4:57  Drone  
  41  5:03  Queen  
  43  5:07  Baneling x2  
  43  5:08  Zergling x4  
  43  5:11  Zergling x2  
  46  5:14  Zergling x2  
  46  5:16  Queen  
  49  5:23  Overlord  
  49  5:24  Drone  
  49  5:25  Drone  
  51  5:30  Drone x2  
  51  5:31  Drone  
  53  5:39  Drone x2  
  53  5:40  Drone  
  56  5:46  Evolution Chamber  
  56  5:48  Drone  
  57  5:50  Drone  
  57  5:53  Overlord  
  57  5:55  Extractor  
  55  5:59  Drone  
  55  6:01  Drone  
  57  6:06  Overlord  
  57  6:07  Drone x3  
  60  6:15  Zerg Missile Weapons Level 1  
  60  6:17  Roach Warren  
  58  6:19  Drone x2  
  58  6:21  Drone  
  58  6:23  Drone x2  
  58  6:24  Drone x2  
  58  6:25  Lair  
  65  6:27  Drone  
  65  6:28  Drone  
  65  6:29  Drone  
  65  6:32  Zergling x4  
  70  6:33  Baneling x2  
  70  6:34  Queen x2  
  70  6:39  Zergling x8  
  71  6:54  Overlord  
  71  6:56  Overlord  
  71  6:57  Drone x5  
  71  7:00  Overlord  
  76  7:02  Extractor  
  76  7:03  Drone x2  
  76  7:06  Overlord  
  76  7:07  Drone x3  
  76  7:08  Drone  
  81  7:17  Overlord  
  81  7:18  Drone  
  81  7:19  Extractor, Drone  
  81  7:21  Queen, Extractor x2  
  82  7:24  Overlord  
  82  7:25  Spire  
  82  7:27  Drone  
  82  7:29  Drone  
  82  7:37  Overlord  
  82  7:39  Drone x3  
  82  7:41  Overlord  
  84  7:46  Spore Crawler, Drone x2  
  84  7:48  Spore Crawler  
  84  7:50  Baneling x2  
  84  7:51  Overlord  
  84  7:54  Spore Crawler  
  83  8:00  Overlord  
  83  8:01  Drone x4  
  87  8:08  Overlord  
  87  8:11  Overlord  
  86  8:13  Drone x3  
  86  8:16  Overlord  
  88  8:26  Zergling x4  
  88  8:27  Zergling x2  
  85  8:38  Overlord  
  85  8:39  Mutalisk  
  85  8:40  Mutalisk x7  
  100  8:43  Mutalisk  
  102  8:53  Centrifical Hooks  
  102  8:56  Overlord  
  102  8:59  Hatchery  
  102  9:00  Mutalisk  
  102  9:03  Zergling x2  
  102  9:04  Zergling x6  
  102  9:12  Mutalisk  
  102  9:13  Mutalisk  
  102  9:15  Zergling x2  
  102  9:16  Zergling x4  
  109  9:19  Queen  
  109  9:23  Baneling x2  
  109  9:24  Mutalisk  
  109  9:28  Mutalisk  
  109  9:30  Zergling x2  
  109  9:31  Zergling x12  
  120  9:40  Mutalisk  
  120  9:41  Mutalisk x2  
  126  9:56  Mutalisk x4  
  126  9:58  Zergling x10  
  138  10:05  Overlord  
  135  10:07  Baneling x2  
  135  10:08  Baneling x3  
  135  10:12  Zergling x8  
  135  10:14  Zergling x2  
  139  10:19  Zerg Flyer Armor Level 1  
  139  10:25  Infestation Pit, Zergling x14  
  139  10:40  Mutalisk  
  139  10:41  Mutalisk x2  
  141  10:43  Zergling x8  
  141  10:44  Zergling x4  
  147  10:50  Zergling x2  
  147  10:51  Zergling x8  
  147  10:55  Zergling x2  
  147  10:56  Zergling x10  
  157  10:58  Baneling  
  157  10:59  Baneling x11  
  157  11:01  Zergling x2  
  154  11:04  Baneling x6  
  154  11:07  Zergling x2  
  154  11:08  Zergling x2  
  154  11:11  Baneling x5  
  150  11:12  Zergling x4  
  150  11:15  Baneling x3  
  150  11:16  Zergling x10  
  155  11:24  Zergling x6  
  155  11:25  Zergling x10, Baneling  
  154  11:26  Zergling x2, Baneling x5  
  154  11:27  Zergling x2  
  148  11:34  Zergling x6  
  148  11:37  Unknown  
  148  11:38  Mutalisk  
  147  11:46  Hive, Zergling x8  
  147  11:47  Zergling x8  
  155  11:51  Baneling x7  
  127  12:07  Mutalisk x2  
  119  12:10  Zergling x18  
  119  12:15  Zerg Flyer Weapons Level 1  
  119  12:16  Zergling x2  
  119  12:21  Mutalisk  
  113  12:25  Zergling x2  
  113  12:26  Zergling x12  
  115  12:32  Zerg Melee Weapons Level 1  
  115  12:35  Zergling x18  
  117  12:44  Zergling x4  
  118  12:47  Pneumatized Carapace, Overseer  
  118  12:49  Overlord  
  118  12:51  Zergling x6  
  121  12:57  Zergling x10  
  127  13:01  Ultralisk Cavern  
  115  13:19  Baneling x4  
  112  13:30  Extractor, Zergling x2  
  112  13:31  Zergling x8  
  114  13:35  Baneling x3  
  114  13:36  Baneling  
  114  13:40  Hatchery  
  111  13:45  Viper x3  
  111  13:48  Drone x3  
  123  13:49  Extractor  
  123  13:50  Drone  
  123  13:51  Chitinous Plating, Drone  
  123  13:53  Ultralisk  
  130  13:57  Zergling x10  
  130  14:01  Overseer  
  135  14:08  Ultralisk  
  141  14:15  Baneling x2  
  132  14:26  Ultralisk  
  134  14:32  Ultralisk  
  134  14:33  Unknown  
  134  14:34  Zergling x8  
  143  14:41  Ultralisk  
  149  14:47  Ultralisk  
  149  14:48  Zergling x12  
  161  14:56  Overseer x2  
  160  15:01  Zergling x8  
  160  15:05  Zerg Ground Armor Level 1  
  160  15:07  Evolution Chamber  
  160  15:09  Baneling x5  
  160  15:12  Zergling x2, Baneling x5  
  160  15:13  Zergling x4  
  163  15:17  Zergling x2  
  163  15:18  Zergling x6  
  140  15:40  Ultralisk x2  
  128  15:51  Zergling x2  
  128  15:52  Zergling x6  
  128  15:54  Ultralisk  
  132  16:10  Ultralisk  
  138  16:18  Viper  
  138  16:20  Zergling x14  
  148  16:32  Zergling x16  
  156  16:40  Zergling x2  
  156  16:41  Zergling x2  
  156  16:45  Zergling x6  
  160  16:52  Unknown  
  160  16:54  Unknown  
  157  16:55  Overseer  
  157  16:57  Zergling x12  
  157  16:58  Baneling  
  157  16:59  Baneling x2  
  163  17:08  Zergling x12  
  160  17:18  Zergling x18  
Show
View Real Time Build Order
Export as new Build Order

Snute Zerg 

Build Orders: Pool First, Lurkers, Zergling Baneling 

Get SALT Encoding   

  12  0:00  Drone  
  13  0:12  Overlord  
  13  0:17  Drone  
  14  0:30  Drone x2  
  14  0:34  Drone  
  17  0:36  Extractor  
  16  0:45  Drone  
  17  0:50  Spawning Pool  
  17  0:55  Drone  
  17  1:17  Hatchery  
  16  1:21  Drone  
  17  1:36  Metabolic Boost  
  17  1:40  Queen  
  17  1:43  Zergling x2  
  20  1:47  Zergling x2  
  21  1:56  Baneling Nest  
  21  2:00  Zergling x2  
  21  2:06  Overlord  
  21  2:10  Zergling x2  
  22  2:26  Zergling x2  
  22  2:29  Zergling x4  
  25  2:40  Zergling x2  
  25  2:41  Zergling x2  
  27  2:49  Baneling  
  27  2:50  Zergling x4, Baneling x3  
  27  2:51  Zergling x4  
  31  2:57  Overlord  
  31  3:02  Zergling x2  
  31  3:05  Drone  
  33  3:12  Baneling x2  
  33  3:17  Drone x2  
  33  3:23  Drone  
  32  3:29  Drone x2  
  29  3:35  Zergling x4  
  29  3:40  Zergling x2  
  30  3:43  Zergling x2  
  30  3:46  Zergling x2  
  29  3:51  Queen  
  29  3:55  Drone  
  32  3:58  Zergling x2  
  32  3:59  Baneling x2  
  33  4:03  Drone  
  33  4:06  Drone  
  35  4:13  Drone  
  36  4:19  Drone  
  36  4:21  Drone x3  
  40  4:25  Drone  
  41  4:36  Hatchery  
  40  4:40  Zergling x4  
  42  4:48  Baneling x2  
  42  4:51  Drone x2  
  42  4:52  Overlord  
  44  4:55  Lair  
  44  5:01  Extractor  
  44  5:02  Drone  
  44  5:04  Extractor, Drone  
  44  5:05  Overlord  
  44  5:10  Drone x2  
  44  5:11  Drone  
  44  5:12  Drone  
  48  5:14  Drone  
  48  5:16  Drone  
  48  5:18  Drone  
  48  5:20  Drone  
  51  5:25  Drone, Evolution Chamber  
  51  5:26  Drone  
  52  5:30  Drone  
  52  5:33  Zergling x2  
  52  5:35  Drone x2  
  50  5:36  Drone  
  50  5:40  Extractor  
  50  5:41  Queen  
  54  5:42  Zergling x2  
  54  5:47  Drone  
  55  5:54  Spire  
  54  5:58  Zergling x8  
  54  6:00  Baneling  
  58  6:06  Zergling x6  
  58  6:10  Drone x4  
  65  6:15  Drone  
  66  6:24  Overlord  
  66  6:26  Evolution Chamber  
  66  6:28  Hydralisk Den, Drone x2  
  66  6:29  Overlord  
  66  6:30  Overlord  
  66  6:35  Overlord  
  66  6:44  Drone x3  
  66  6:45  Drone x2  
  71  6:47  Drone  
  71  6:52  Drone x2  
  69  6:55  Drone x2  
  69  6:56  Zerg Missile Weapons Level 1  
  69  6:58  Lurker Den  
  70  7:06  Mutalisk x4  
  78  7:09  Mutalisk  
  78  7:11  Drone  
  78  7:13  Extractor  
  78  7:14  Extractor  
  79  7:17  Drone x3  
  79  7:20  Drone x2  
  84  7:27  Overlord  
  84  7:28  Drone x4  
  88  7:32  Roach Warren  
  87  7:39  Zergling x12  
  87  7:40  Queen  
  95  7:53  Overlord  
  95  8:10  Hydralisk x5  
  105  8:15  Drone x7  
  105  8:19  Drone  
  106  8:26  Zergling x8  
  109  8:29  Infestation Pit  
  109  8:30  Muscular Augments  
  107  8:34  Hydralisk x2  
  107  8:35  Hydralisk  
  110  8:42  Overlord  
  110  8:52  Hydralisk x2  
  110  8:55  Hatchery  
  113  8:57  Zerg Missile Weapons Level 2  
  113  8:59  Overlord  
  113  9:06  Hydralisk  
  113  9:07  Hydralisk x6  
  117  9:13  Spore Crawler  
  117  9:14  Queen x2  
  117  9:25  Zergling x14  
  117  9:27  Spore Crawler  
  117  9:31  Drone  
  124  9:36  Overlord x3  
  124  9:37  Overlord  
  124  9:45  Overlord  
  124  9:50  Overlord x2  
  118  9:57  Infestor x3  
  124  10:01  Hydralisk x6  
  132  10:10  Overlord x2  
  132  10:12  Roach  
  132  10:13  Roach  
  133  10:15  Roach x2  
  133  10:18  Roach x2  
  141  10:22  Roach  
  141  10:24  Spore Crawler  
  141  10:28  Roach x5  
  130  10:44  Burrow, Overseer  
  130  10:46  Roach  
  130  10:47  Roach x4  
  140  10:58  Queen  
  140  10:59  Queen  
  137  11:07  Queen  
  127  11:13  Roach x3  
  129  11:23  Hydralisk  
  129  11:24  Hydralisk x3  
  113  11:33  Infestor x2  
  113  11:34  Queen  
  113  11:35  Hydralisk  
  113  11:36  Hydralisk  
  101  11:44  Hydralisk x2  
  101  11:46  Ravager x3  
  108  11:50  Spore Crawler  
  108  11:51  Roach x2  
  105  12:00  Roach x2  
  105  12:01  Roach x2  
  97  12:12  Hydralisk x4  
  88  12:19  Drone x4  
  88  12:21  Drone x3  
  88  12:22  Drone  
  87  12:26  Roach  
  84  12:32  Drone  
  84  12:33  Drone  
  86  12:38  Hydralisk  
  86  12:42  Drone x2  
  90  12:45  Ravager  
  90  12:47  Drone  
  90  12:48  Drone x2  
  90  12:51  Drone  
  95  12:52  Drone  
  95  12:57  Drone x3  
  99  12:59  Drone  
  99  13:04  Drone x6  
  95  13:14  Drone x8  
  95  13:17  Drone  
  95  13:18  Drone x2  
  106  13:23  Zerg Ground Armor Level 1  
  106  13:25  Drone  
  106  13:26  Drone  
  108  13:29  Drone x2  
  110  13:35  Extractor  
  110  13:36  Lurker x3  
  110  13:37  Extractor  
  111  13:43  Drone  
  111  13:44  Drone x5  
  111  13:46  Hydralisk  
  111  13:48  Overseer  
  119  13:49  Drone x2  
  119  13:50  Spore Crawler  
  119  13:53  Lurker  
  121  13:59  Roach x3  
  121  14:01  Glial Reconstitution  
  127  14:05  Hydralisk x2  
  131  14:13  Spore Crawler  
  126  14:24  Drone  
  126  14:25  Drone x4  
  126  14:26  Drone x3  
  126  14:27  Drone x3  
  126  14:29  Overlord  
  136  14:31  Hive  
  136  14:37  Drone  
  136  14:38  Drone x3  
  135  14:44  Roach x3  
  135  14:46  Drone x2  
  137  14:53  Lurker  
  137  14:54  Hatchery  
  137  14:55  Lurker x5  
  142  15:04  Hydralisk  
  142  15:05  Hydralisk x2  
  148  15:19  Roach x2, Infestor x3  
  148  15:20  Roach x8  
  148  15:21  Unknown x2  
  135  15:39  Roach x9  
  132  15:45  Hydralisk  
  132  15:46  Hydralisk x2  
  134  15:58  Hydralisk  
  134  15:59  Hydralisk x3  
  138  16:05  Ravager x2  
  138  16:09  Ravager x2  
  142  16:19  Hydralisk x4  
  150  16:28  Drone x6  
  150  16:29  Drone  
  150  16:30  Drone  
  158  16:36  Lurker x2  
  157  16:48  Drone x4  
  157  16:49  Drone x2  
  157  16:50  Lurker x2  
  164  17:02  Hydralisk, Lurker x2  
  164  17:03  Lurker  
  167  17:12  Roach x4  
Tags
 
Add a new tag
Caveats
  • Supply blocks, unpowered buildings, or Contaminate may cause inaccurate times.
  • Supply counts are checked every 10 seconds.